 Dungeon Crawl Stone Soup version 0.31-a0-523-g071a6c1ffa (webtiles) character file.

Game seed: 14553790825485663685

1554 javelincjr the Sneak (level 8, -5/54 HPs)
             Began as an Octopode Conjurer on Aug 11, 2023.
             Killed from afar by epsilonplus's ghost (9 damage)
             ... with a blast of sand
             ... on level 6 of the Dungeon.
             The game lasted 00:24:36 (6008 turns).

javelincjr the Sneak (Octopode Conjurer)            Turns: 6008, Time: 00:24:37

Health: -5/54      AC:  1    Str:  6    XL:     8   Next: 88%
Magic:  4/14       EV: 16    Int: 23    God:
Gold:   279        SH:  5    Dex: 22    Spells: 9/16 levels left

rFire   + . .        o - +4 quarterstaff (chaos)
rCold   x . .        (shield currently unavailable)
rNeg    . . .        (helmet restricted)
rPois   +            y - amulet of reflection
rElec   .            b - ring of poison resistance
rCorr   .            e - +6 ring of dexterity
SInv    .            p - ring of Gin and Tonic {Fire Slay+3}
Will    .....        u - ring of wizardry
Stlth   +++++        D - +1 ring of slaying
HPRegen 0.29/turn    J - +6 ring of dexterity
MPRegen 0.14/turn    (no ring)
                     (no ring)

%: reflection, wizardry (x1)
@: no status effects
A: almost no armour, amphibious, 8 rings, camouflage 1, gelatinous body 1,
(nimble swimmer 1), tentacles
a: no special abilities


You were on level 6 of the Dungeon.
You visited 2 branches of the dungeon, and saw 8 of its levels.

You collected 345 gold pieces.
You spent 66 gold pieces at shops.

Inventory:

Hand Weapons
 d - a +0 spear
 l - a +1 vampiric dagger
 o - a +4 quarterstaff of chaos (weapon)
Missiles
 g - 4 datura-tipped darts
Magical Staves
 G - a staff of cold
Jewellery
 b - a ring of poison resistance (left tentacle)
 e - a +6 ring of dexterity (right tentacle)
 h - an amulet of the acrobat
 p - the ring of Gin and Tonic (on tentacle) {Fire Slay+3}
   (You found it on level 2 of the Dungeon)

   [ring of fire]

   Fire:      It enhances your fire magic.
   Slay+3:    It affects your accuracy & damage with ranged weapons and melee
   (+3).
   rF+:       It protects you from fire.
   rC-:       It makes you vulnerable to cold.
 u - a ring of wizardry (on tentacle)
 y - an amulet of reflection (around mantle)
 D - a +1 ring of slaying (on tentacle)
 J - a +6 ring of dexterity (on tentacle)
Wands
 n - a wand of flame (40)
 z - a wand of digging (6)
 A - a wand of roots (10)
 H - a wand of paralysis (9)
Scrolls
 c - a scroll of fear {unknown}
 f - 2 scrolls of identify {unknown}
 i - 2 scrolls of enchant armour {unknown}
 k - a scroll of noise {unknown}
 q - a scroll of poison {unknown}
 r - a scroll of enchant weapon {unknown}
 t - 2 scrolls of vulnerability {unknown}
 x - 2 scrolls of revelation {unknown}
 B - a scroll of blinking {unknown}
 E - a scroll of amnesia {unknown}
 F - a scroll of teleportation {unknown}
Potions
 a - a potion of magic
 j - 4 potions of curing {unknown}
 m - 2 potions of brilliance {unknown}
 s - a potion of might {unknown}
 v - a potion of degeneration {unknown}
 w - a potion of invisibility {unknown}
 C - a potion of heal wounds {unknown}
 I - 2 potions of haste {unknown}


   Skills:
 + Level 3.6 Fighting
 + Level 3.7 Staves
 + Level 4.9 Dodging
 + Level 7.2 Stealth
 + Level 4.5 Spellcasting
 + Level 6.0 Conjurations


You had 9 spell levels left.
You knew the following spells:

 Your Spells              Type           Power      Damage    Failure   Level
a - Magic Dart            Conj           100%       1d8       1%          1
b - Searing Ray           Conj           66%        2d6       1%          2
c - Blink                 Tloc           10%        N/A       6%          2
d - Call Imp              Summ           10%        N/A       6%          2

Your spell library contained the following spells:

 Spells                   Type           Power      Damage    Failure   Level
 Dazzling Flash           Conj/Hex       38%        N/A       3%          3
 Mephitic Cloud           Conj/Pois/Air  14%        N/A       5%          3
 Sublimation of Blood     Necr           5%         N/A       6%          2
 Wereblood                Tmut           5%         N/A       6%          2
 Gell's Gravitas          Tloc           5%         N/A       12%         3
 Teleport Other           Tloc           5%         N/A       12%         3
 Tukima's Dance           Hex            5%         N/A       12%         3
 Fulminant Prism          Conj/Hex       9%         3d7       12%         4
 Iskenderun's Mystic Bla  Conj/Tloc      19%        2d6       12%         4
 Manifold Assault         Tloc           5%         N/A       36%         4
 Passage of Golubria      Tloc           5%         N/A       36%         4
 Yara's Violent Unravell  Hex/Tmut       2%         3d3       69%         5
 Dispersal                Tloc           2%         N/A       99%         6
 Summon Hydra             Summ           2%         N/A       100%        7


Dungeon Overview and Level Annotations

Branches:
Dungeon (7/15)             Temple (1/1) D:6

Altars:
Ashenzari
Dithmenos
Elyvilon
Gozag
Hepliaklqana
Nemelex Xobeh
Okawaru
Qazlal
Ru
Uskayaw
Vehumet
Wu Jian
Xom
Zin

Shops:
D:5 =

Annotations:
D:6 epsilonplus's ghost, novice GrEE


Innate Abilities, Weirdness & Mutations

You cannot wear most types of armour.
You are amphibious.
You can wear up to eight rings at the same time.
Your skin changes colour to match your surroundings (Stealth+).
Your rubbery body absorbs attacks. (AC +1, EV +1)
((You are camouflaged when in or above water. (Stealth+)))
You have tentacles for arms and can constrict up to eight enemies at once.


Message History

You kill the adder!
You finish channelling your searing ray.
Your cerulean imp hits epsilonplus's ghost but does no damage.
Casting: Searing Ray (safe; 1% risk of failure)
Confirm with . or Enter, or press ? or * to list all spells.
Aiming: Searing Ray (safe; 1% risk of failure)
Press: ? - help, Shift-Dir - straight line, f/p - epsilonplus's ghost
Aim: epsilonplus's ghost, wielding a heavy weapon (heavily damaged, ally target, 78% to hit)
The searing ray hits epsilonplus's ghost.
Epsilonplus's ghost is severely damaged. (Press . to maintain the ray.) Epsilonplus's ghost gestures at you while chanting.
The stone arrow hits you!
Your cerulean imp hits epsilonplus's ghost but does no damage.
The searing ray misses epsilonplus's ghost.
Epsilonplus's ghost hits your cerulean imp.
Your cerulean imp hits epsilonplus's ghost with a -4 spear.
The searing ray hits epsilonplus's ghost but does no damage.
Epsilonplus's ghost is severely damaged.
Epsilonplus's ghost gestures at you while chanting.
The stone arrow hits you!!
Ouch! That really hurt!
* * * LOW HITPOINT WARNING * * *
Your cerulean imp closely misses epsilonplus's ghost.
The searing ray hits epsilonplus's ghost but does no damage.
Epsilonplus's ghost is severely damaged.
You finish channelling your searing ray.
Epsilonplus's ghost hits you.
* * * LOW HITPOINT WARNING * * *
Your cerulean imp completely misses epsilonplus's ghost.
Epsilonplus's ghost hits your cerulean imp.
Your cerulean imp hits epsilonplus's ghost but does no damage.
Epsilonplus's ghost points at you and mumbles some strange words.
The stone arrow hits your cerulean imp!
Your cerulean imp dies!
Your cerulean imp disappears in a puff of smoke!
Epsilonplus's ghost lets out a mournful wail.
Epsilonplus's ghost points at you and mumbles some strange words.
The blast of sand hits you!
You die...

.... #.#.........#.........#
./..###.#.......######.######
...........#...# #.#
#######....####..# #.#
~$~~~~'...###)...# ###.###
#######..W.......# ###'###
###.............#..####⌠.⌠####..
......#..#...#........#.>.#....#
#.....#....###.@..#####⌠.⌠####.#
#......).....#....# ###'###
.......[)..........# ###.###
##.#...............# #.# #
##..............# #[#
#..............#####.##### .
##.................#.....##.
#.##...........>........... ##
##..###..#.†..........##


You could see epsilonplus's ghost.

Vanquished Creatures
  A golden eye (D:6)
  A water moccasin (D:7)
  2 ice beasts (D:5)
  An ogre (D:5)
  3 bullfrogs
  A scorpion (D:5)
  A howler monkey (D:5)
  5 hounds
  Crazy Yiuf (D:2)
  An orc priest (D:6)
  3 sleepcaps
  3 iguanas
  Terence (D:2)
  3 orc wizards
  Ijyb (D:4)
  Robin (D:2)
  9 gnolls
  4 adders
  3 dart slugs
  2 worms
  12 orcs
  5 bats
  4 endoplasms
  2 giant cockroaches (D:3)
  23 goblins
  10 hobgoblins
  10 jackals
  2 quokkas
  2 ball pythons
  3 frilled lizards
  8 kobolds
  5 rats
133 creatures vanquished.

Vanquished Creatures (others)
  An adder (D:6)
1 creature vanquished.

Grand Total: 134 creatures vanquished

Notes
Turn   | Place    | Note
-------+----------+-------------------------------------------
     0 | D:1      | javelincjr the Octopode Conjurer began the quest for the
                  | Orb.
     0 | D:1      | Reached XP level 1. HP: 11/11 MP: 3/3
   204 | D:1      | Reached skill level 3 in Stealth
   210 | D:1      | Reached XP level 2. HP: 17/17 MP: 0/5
   913 | D:2      | Learned a level 2 spell: Searing Ray
   926 | D:2      | Noticed Terence
   932 | D:2      | Killed Terence
   933 | D:2      | Reached XP level 3. HP: 13/21 MP: 0/6
  1182 | D:2      | Noticed Robin
  1186 | D:2      | Killed Robin
  1187 | D:2      | Reached XP level 4. HP: 27/27 MP: 3/7
  1483 | D:2      | Identified the +2 ring mail of Werog {rPois Int-3 SInv}
  1519 | D:2      | Reached skill level 4 in Stealth
  1788 | D:2      | Found a glowing silver altar of Zin.
  1848 | D:2      | Found a runed translucent door.
  1849 | D:2      | Noticed Crazy Yiuf
  1858 | D:2      | Killed Crazy Yiuf
  1859 | D:2      | Reached XP level 5. HP: 4/31 MP: 0/9
  1989 | D:2      | Identified the ring of Gin and Tonic {Fire Slay+3}
  3347 | D:4      | Reached XP level 6. HP: 29/37 MP: 7/10
  3558 | D:4      | Reached skill level 1 in Staves
  3713 | D:4      | Reached skill level 1 in Fighting
  3810 | D:4      | Reached skill level 5 in Stealth
  3941 | D:4      | Noticed Ijyb
  3958 | D:4      | Killed Ijyb
  4434 | D:5      | Entered Level 5 of the Dungeon
  4643 | D:5      | Reached skill level 5 in Conjurations
  4799 | D:5      | Reached XP level 7. HP: 6/43 MP: 0/12
  4939 | D:5      | Found Muddom's One-of-a-Kind Rings.
  4946 | D:5      | Bought a +1 ring of slaying for 66 gold pieces
  5309 | D:5      | Reached skill level 6 in Stealth
  5513 | D:5      | Reached XP level 8. HP: 51/51 MP: 7/14
  5564 | D:5      | You fall into a shaft and drop 2 floors!
  5813 | D:6      | Found a staircase to the Ecumenical Temple.
  5818 | Temple   | Entered the Ecumenical Temple
  5872 | D:6      | Reached skill level 7 in Stealth
  5881 | D:6      | Learned a level 2 spell: Blink
  5891 | D:6      | Found a runed translucent door.
  5986 | D:6      | Noticed epsilonplus's ghost (novice GrEE)
  5991 | D:6      | Learned a level 2 spell: Call Imp
  6002 | D:6      | HP: 2/54 [epsilonplus's ghost (5)]
  6008 | D:6      | Killed from afar by epsilonplus's ghost

Illustrated notes

Levels and vault maps discovered:
D:1:      mushboom_english_gardens, layout_basic
D:2:      layout_rooms, basic_altar, roderic_lattice_a, guppyfry_early_orc_mine,
          uniq_crazy_yiuf_cottage, uniq_terence, uniq_robin
D:3:      layout_basic
D:4:      kennysheep_goblin_castle, layout_basic
D:5:      layout_loops_cross, nicolae_shop_unique_rings, minmay_crystal_room
D:6:      black_bear_nest_1, layout_cave_pools, temple_doors_e,
          ebering_ghost_sewer_d, minivault_26, hangedman_decor_opposing,
          chequers_serial_rivers_large_b
D:7:      layout_loops_corners, nicolae_overflow_quartered_altars
Temple:   nicolae_temple_superstar

Skill      XL: |  1  2  3  4  5  6  7  8 |
---------------+-------------------------+-----
Stealth        | 3 4 5 6 7 |  7.2
Dodging        | 3 4 |  4.9
Spellcasting   | 3 4 |  4.5
Staves         | 1 2 3 |  3.7
Fighting       | 1 2 3 |  3.6
Conjurations   | 5 6 |  6.0

Action                     |  1- 3 |  4- 6 |  7- 9 || total
---------------------------+-------+-------+-------++-------
  Melee: Spear             |     7 |     8 |       ||    15
         Constrict         |     2 |     5 |     6 ||    13
         Tentacles         |     2 |     3 |     2 ||     7
         Quarterstaff      |       |    15 |    29 ||    44
         Punch             |       |       |     2 ||     2
   Cast: Magic Dart        |    38 |   138 |    46 ||   222
         Searing Ray       |     2 |     9 |     8 ||    19
         Call Imp          |       |       |     1 ||     1
   Stab: Sleeping          |       |     1 |     2 ||     3
         Paralysed         |       |       |     1 ||     1
 Armour: Skin              |       |     4 |     4 ||     8
  Dodge: Dodged            |     7 |    26 |    25 ||    58
  Block: Other             |       |     4 |     7 ||    11

Table legend: (Time is in decaauts)
 A = Elapsed time spent in this place.
 B = Non-inter-level travel time spent in this place.
 C = Inter-level travel time spent in this place.
 D = Time resting spent in this place.
 E = Time spent auto-exploring this place.
 F = Levels seen in this place.
 G = Mean time per level.
                   A        B        C        D        E       F      G
               +--------+--------+--------+--------+--------+-----+--------+
         Total |   6014 |   5753 |    261 |    901 |   3852 |   8 |  751.8 |
       Dungeon |   5990 |   5729 |    261 |    901 |   3852 |   7 |  855.7 |
        Temple |     23 |     23 |      0 |      0 |      0 |   1 |   23.0 |
               +--------+--------+--------+--------+--------+-----+--------+

Top non-repeatable levels by time:
     D:2: 1544 daAuts
     D:4: 1186 daAuts
     D:5: 1131 daAuts
     D:3: 889 daAuts
     D:1: 817 daAuts
     D:6: 330 daAuts
     D:7: 91 daAuts
  Temple: 23 daAuts
